Map: Shrines of Lizul

Players

Scaramanga

  • Race: Terran Terran
  • Spawn Location: 3:00

dallaskuken

  • Race: Protoss Protoss
  • League: Platinum
  • Spawn Location: 12:00

Loken - Winner!

  • Race: Zerg Zerg
  • League: Platinum
  • Spawn Location: 9:00

Myran - Winner!

  • Race: Protoss Protoss
  • Spawn Location: 6:00

VOD

Have the link to the VOD?

Description

Time

  • Played on: March 15, 2017, 7:24 p.m.
  • Length: 5:57
Show
View Real Time Build Order
Export as new Build Order

Scaramanga Terran 

Build Orders:  

Get SALT Encoding   

  12  0:00  SCV  
  13  0:13  SCV  
  14  0:18  Supply Depot  
  14  0:25  SCV  
  15  0:40  SCV  
  15  0:41  Barracks  
  16  0:49  Refinery  
  16  0:52  SCV  
  17  1:04  SCV  
  18  1:16  SCV  
  19  1:29  Orbital Command  
  19  1:40  Reaper  
  20  1:47  Barracks  
  20  1:49  Supply Depot  
  20  1:55  SCV  
  21  2:07  SCV  
  22  2:12  Reaper  
  23  2:20  SCV  
  24  2:29  Command Center  
  24  2:34  Barracks Tech Lab  
  23  2:40  Factory  
  22  2:44  Marine  
  23  2:56  Marauder  
  25  3:02  Marine  
  25  3:03  SCV  
  27  3:15  SCV  
  27  3:17  Marine  
  29  3:20  Marine  
  29  3:21  Supply Depot  
  30  3:27  SCV  
  31  3:40  SCV  
  31  3:41  Hellion  
  32  4:02  Hellion  
  34  4:04  SCV, Marine  
  34  4:05  Marine  
  32  4:16  SCV  
  33  4:22  Marine  
  32  4:34  Marine  
  32  4:36  Hellion  
  32  4:40  Marine  
  30  4:53  Marine  
  30  4:57  Hellion  
  30  4:58  Marine  
  32  5:11  Marauder  
  34  5:14  Refinery, Starport  
  34  5:16  Marine  
  34  5:18  Hellion  
  36  5:33  Marauder, Marine  
Show
View Real Time Build Order
Export as new Build Order

dallaskuken Protoss 

Build Orders: Oracle Opening 

Get SALT Encoding   

  12  0:01  Probe (Chrono Boost)  
  13  0:12  Probe (Chrono Boost)  
  14  0:23  Pylon  
  14  0:27  Probe (Chrono Boost)  
  15  0:42  Probe (Chrono Boost)  
  16  0:43  Gateway  
  16  0:53  Pylon  
  16  0:55  Probe (Chrono Boost)  
  17  1:06  Probe (Chrono Boost)  
  18  1:16  Probe (Chrono Boost)  
  19  1:27  Probe (Chrono Boost)  
  20  1:32  Cybernetics Core  
  20  1:37  Probe (Chrono Boost)  
  20  1:38  Zealot  
  23  1:44  Assimilator  
  23  1:48  Probe (Chrono Boost)  
  23  1:49  Assimilator  
  24  1:58  Probe (Chrono Boost)  
  24  2:00  Pylon  
  25  2:09  Probe (Chrono Boost)  
  26  2:19  Probe (Chrono Boost)  
  26  2:22  Warp Gate  
  27  2:30  Probe (Chrono Boost)  
  27  2:34  Stalker  
  30  2:40  Probe (Chrono Boost)  
  32  2:51  Probe (Chrono Boost)  
  32  3:00  Stargate  
  32  3:06  Stalker  
  34  3:16  Probe (Chrono Boost)  
  35  3:24  Gateway  
  35  3:25  Gateway  
  31  3:43  Stalker  
  31  3:44  Oracle  
  36  3:57  Pylon  
  36  3:59  Pylon  
  36  4:01  Pylon  
  36  4:13  Stalker  
  36  4:15  Stalker  
  36  5:00  Stalker x3  
  36  5:26  Zealot x3  
Show
View Real Time Build Order
Export as new Build Order

Loken Zerg - Winner!

Build Orders: Hatch First 

Get SALT Encoding   

  12  0:01  Drone  
  13  0:09  Drone  
  14  0:17  Overlord  
  14  0:38  Drone x3  
  17  0:59  Drone  
  17  1:03  Hatchery  
  17  1:12  Spawning Pool  
  16  1:21  Drone x2  
  16  1:23  Drone  
  19  1:28  Extractor  
  18  1:35  Overlord  
  18  1:44  Drone  
  19  1:59  Queen  
  19  2:01  Zergling x2  
  22  2:13  Zergling x2  
  23  2:22  Queen, Roach Warren  
  24  2:23  Drone  
  24  2:27  Drone  
  26  2:32  Metabolic Boost  
  26  2:45  Spine Crawler  
  26  2:50  Spine Crawler  
  24  2:53  Drone  
  25  2:59  Drone  
  26  3:07  Drone  
  26  3:08  Drone x2  
  29  3:16  Zergling x2  
  29  3:17  Zergling x2  
  29  3:18  Overlord  
  31  3:37  Zergling x14  
  31  3:38  Zergling x2  
  34  4:05  Zergling x12  
  37  4:33  Zergling x10  
  37  4:34  Zergling x6  
  40  4:40  Drone  
  35  4:46  Roach  
  35  4:47  Roach x3  
  35  4:51  Spore Crawler  
  41  4:55  Spore Crawler  
  41  4:58  Drone  
  41  4:59  Drone x3  
Show
View Real Time Build Order
Export as new Build Order

Myran Protoss - Winner!

Build Orders:  

Get SALT Encoding   

  12  0:01  Probe (Chrono Boost)  
  13  0:17  Pylon  
  13  0:19  Probe (Chrono Boost)  
  14  0:30  Probe (Chrono Boost)  
  15  0:41  Gateway, Probe (Chrono Boost)  
  16  0:52  Probe (Chrono Boost)  
  17  1:02  Probe (Chrono Boost)  
  18  1:07  Pylon  
  18  1:12  Assimilator  
  18  1:13  Probe (Chrono Boost)  
  19  1:32  Zealot  
  21  1:42  Probe (Chrono Boost)  
  22  1:52  Cybernetics Core  
  22  1:57  Probe (Chrono Boost)  
  23  2:01  Zealot  
  23  2:03  Nexus  
  25  2:12  Pylon, Probe (Chrono Boost)  
  26  2:19  Assimilator  
  26  2:23  Probe (Chrono Boost)  
  26  2:29  Warp Gate  
  29  2:46  Stalker  
  29  2:54  Gateway  
  29  2:56  Gateway  
  29  3:00  Pylon  
  29  3:02  Probe (Chrono Boost)  
  30  3:14  Probe (Chrono Boost)  
  30  3:16  Zealot  
  33  3:21  Pylon  
  33  3:26  Probe (Chrono Boost)  
  34  3:38  Assimilator  
  34  3:39  Probe (Chrono Boost)  
  35  3:41  Assimilator  
  35  3:42  Probe (Chrono Boost)  
  36  3:53  Zealot  
  38  3:57  Stalker  
  38  3:59  Probe (Chrono Boost)  
  41  4:09  Probe (Chrono Boost)  
  42  4:10  Probe (Chrono Boost)  
  42  4:12  Zealot  
  45  4:31  Probe (Chrono Boost)  
  46  4:33  Probe (Chrono Boost)  
  47  4:41  Probe (Chrono Boost)  
  47  4:43  Probe (Chrono Boost)  
  49  4:45  Forge  
  49  4:47  Pylon  
  49  4:52  Probe (Chrono Boost)  
  50  4:54  Pylon, Probe (Chrono Boost)  
  50  4:56  Stalker x2  
  55  5:02  Probe (Chrono Boost)  
  55  5:04  Probe (Chrono Boost)  
  57  5:16  Stalker  
  59  5:24  Twilight Council  
  59  5:26  Probe (Chrono Boost)  
  59  5:27  Probe (Chrono Boost)  
  61  5:30  Stalker x2  
  65  5:38  Probe (Chrono Boost)  
Tags
 
Add a new tag
Caveats
  • Supply blocks, unpowered buildings, or Contaminate may cause inaccurate times.
  • Supply counts are checked every 10 seconds.